 Dungeon Crawl Stone Soup version 0.30-a0-165-g1891117ce2 (webtiles) character file.

Game seed: 3418159375861399099

13654 Pooter the Cleaver (level 11, -12/150 HPs)
             Began as a Minotaur Berserker on Sept 28, 2022.
             Was an Elder of Trog.
             Mangled by an orc warlord
             ... wielding a +0 great sword
              (26 damage)
             ... on level 1 of the Orcish Mines.
             The game lasted 01:02:14 (12833 turns).

Pooter the Cleaver (Minotaur Berserker)            Turns: 12833, Time: 01:02:15

Health: -12/150    AC: 15    Str: 24    XL:     11   Next: 78%
Magic:  10/10      EV:  7    Int:  4    God:    Trog [****..]
Gold:   1316       SH:  0    Dex: 18    Spells: 10/10 levels left

rFire   . . .      SeeInvis .    a - +5 battleaxe (vorpal)
rCold   . . .      Faith    +    (shield currently unavailable)
rNeg    . . .      Spirit   .    i - +0 plate armour
rPois   +          Reflect  .    (helmet restricted)
rElec   .          Harm     .    g - +2 cloak {rPois}
rCorr   .          Rampage  .    s - +0 pair of gloves
Will    ++...                    (no boots)
Stlth   ..........               e - amulet of faith {!P}
HPRegen 1.35/turn                G - +6 ring of dexterity
MPRegen 0.12/turn                A - +4 ring of slaying

@: berserking, strong-willed, regenerating, very quick
A: horns 2, retaliatory headbutt
a: Renounce Religion, Berserk, Trog's Hand, Brothers in Arms


You were on level 1 of the Orcish Mines.
You worshipped Trog.
Trog was greatly pleased with you.
You visited 2 branches of the dungeon, and saw 11 of its levels.

You collected 1473 gold pieces.
You spent 157 gold pieces at shops.

Inventory:

Hand Weapons
 a - a +5 vorpal battleaxe (weapon)
   (You acquired it on level 7 of the Dungeon)
 b - a +0 arbalest
   (You bought it in a shop on level 1 of the Orcish Mines)
 l - a +0 dire flail of protection
   (You took it off Edmund on level 6 of the Dungeon)
 B - a +1 battleaxe of flaming
   (You took it off an orc warrior on level 1 of the Orcish Mines)
 C - a +1 whip of flaming
   (You took it off a kobold on level 8 of the Dungeon)
 H - a +3 trident
   (You took it off Robin on level 3 of the Dungeon)
Missiles
 h - 3 boomerangs of dispersal {!f}
 k - 15 poisoned darts (quivered)
 L - 2 boomerangs
 Q - 67 stones
Armour
 g - a +2 cloak of poison resistance (worn)
   (You took it off Maurice on level 9 of the Dungeon)
 i - a +0 plate armour (worn)
   (You took it off an orc knight on level 9 of the Dungeon)
 s - a +0 pair of gloves (worn)
   (You found it on level 4 of the Dungeon)
Jewellery
 e - an amulet of faith (around neck) {!P}
   (You found it on level 1 of the Dungeon)
 A - a +4 ring of slaying (right hand)
   (You found it on level 8 of the Dungeon)
 F - a ring of protection from fire
   (You found it on level 3 of the Dungeon)
 G - a +6 ring of dexterity (left hand)
   (You found it on level 7 of the Dungeon)
 K - a ring of magical power
   (You found it on level 7 of the Dungeon)
Wands
 f - a wand of flame (14)
   (You found it on level 4 of the Dungeon)
 u - a wand of paralysis (5)
   (You found it on level 6 of the Dungeon)
 D - a wand of polymorph (3)
   (You found it on level 9 of the Dungeon)
Scrolls
 n - 4 scrolls of summoning
 p - a scroll of magic mapping
 q - 2 scrolls of enchant armour {unknown}
 r - a scroll of noise {!r}
 t - 3 scrolls of teleportation {@r4}
 x - a scroll of poison {!r}
 y - a scroll of immolation {unknown}
 I - a scroll of fear
 J - a scroll of butterflies {unknown}
Potions
 c - 7 potions of attraction {!q}
 d - 3 potions of resistance
 j - a potion of ambrosia {unknown}
 m - 4 potions of heal wounds {@q2}
 o - 6 potions of curing {@q1}
 v - 2 potions of mutation {!q}
 w - a potion of lignification {!q}
 z - 2 potions of invisibility
 E - a potion of flight {unknown}


   Skills:
 + Level 10.2 Fighting
 * Level 13.6(14.1) Axes
 - Level 2.4(9.1) Maces & Flails
 - Level 5.1(10.2) Polearms
 * Level 11.2 Ranged Weapons
 - Level 2.4 Armour
 - Level 2.1 Dodging
 + Level 6.5 Evocations


You had 10 spell levels left.
You didn't know any spells.
Your spell library was empty.

Dungeon Overview and Level Annotations

Branches:
Dungeon (9/15)             Temple (0/1) D:4             Orc (2/2) D:9
   Lair: D:8-11         Elf: Orc:2

Altars:
Ashenzari
Cheibriados
Dithmenos
Gozag
Hepliaklqana
Kikubaaqudgha
Nemelex Xobeh
Okawaru
Trog
Uskayaw
Vehumet
Wu Jian
Xom
Zin

Shops:
Orc:1 (


Innate Abilities, Weirdness & Mutations

You have a pair of horns on your head.
You reflexively headbutt those who attack you in melee.


Message History

The troll barely misses you. x2; The troll claws you.
The warg bites you.
An ogre comes into view. It is wielding a +0 giant club.
The troll bites you! The troll barely misses you. The troll claws you.
There is a stone staircase leading up, spattered with blood here.
The ogre hits you with a +0 giant spiked club!
The troll bites you but does no damage. The troll claws you!
The troll claws you but does no damage.
The ogre shouts!
You climb upwards.
There is a stone staircase leading down here.
A red film seems to cover your vision as you go berserk!
You feel yourself moving faster!
You feel mighty! The troll bites you but does no damage.
The troll closely misses you. The troll claws you but does no damage.
The orc warlord barely misses you.
The ogre hits you with a +0 giant spiked club!!
* * * LOW HITPOINT WARNING * * *
You closely miss the orc warlord.
You headbutt the orc warlord, but do no damage.
You barely miss the troll. You slash the ogre!
The troll bites you but does no damage. The troll claws you.
* * * LOW HITPOINT WARNING * * *
The troll claws you.
* * * LOW HITPOINT WARNING * * *
The orc warlord hits you with a +0 great sword!
* * * LOW HITPOINT WARNING * * *
You slash the orc warlord! You headbutt the orc warlord!!
You closely miss the troll. You slice the ogre!!
You kill the ogre!
Trog accepts your kill.
Unknown command.
You slice the orc warlord!! You barely miss the troll.
The troll bites you but does no damage. The troll claws you!
* * * LOW HITPOINT WARNING * * *
The troll barely misses you.
The orc warlord hits you but does no damage.
You slice the orc warlord!! Your headbutt misses the orc warlord.
You slash the troll! The troll barely misses you. You furiously retaliate!
You headbutt the troll!! The troll claws you but does no damage.
The troll claws you.
* * * LOW HITPOINT WARNING * * *
The orc warlord hits you with a +0 great sword!!
* * * LOW HITPOINT WARNING * * *
You barely miss the orc warlord. You slash the troll!
You kill the troll!
Trog accepts your kill.
The troll leather armour is intact enough to wear.
Unknown command.
You closely miss the orc warlord. You headbutt the orc warlord.
The orc warlord hits you with a +0 great sword!!
You die...

.# ##.. ..
####.#...# #.
##.#...#..## ###..
##.....#....#
.#....##.#........##
...................#
#....[...........#
.....[$$$>.)#[..##
............@....#
.....$.....$o[#...#
#######.......# ##
#..$...## ##.....#
#...#... #.[#.....
).# #.##


You could see an orc warlord.

Vanquished Creatures
  An orc warlord (Orc:1)
  2 two-headed ogres (D:9)
  Pikel (D:8)
  2 orc knights
  2 orc sorcerers
  A cyclops (Orc:2)
  Maurice (D:9)
  Prince Ribbit (D:9)
  6 trolls
  The ghost of Shard1697 the Cudgeller, an amateur DsFi (D:4)
  A wyvern (D:7)
  A vampire (D:9)
  6 yaks (D:9)
  Eustachio (D:5)
  2 steam dragons
  4 wargs
  Edmund (D:6)
  A water moccasin (D:7)
  16 orc warriors
  2 black bears
  A sky beast (D:7)
  6 centaurs
  8 ogres
  A kobold brigand (D:8)
  4 scorpions
  3 bullfrogs
  A centaur zombie (D:4)
  6 hounds
  2 jellies (D:6)
  11 orc priests
  3 iguanas
  Terence (D:2)
  20 orc wizards
  Natasha (twice) (D:2)
  Robin (D:3)
  3 gnolls (D:5)
  A howler monkey skeleton (D:4)
  6 adders
  2 shadow imps
  2 white imps
  A worm (D:4)
  4 dart slugs
  59 orcs
  6 bats
  11 endoplasms
  2 giant cockroaches
  23 goblins
  14 hobgoblins
  4 jackals
  13 kobolds
  4 quokkas
  8 ball pythons
  2 frilled lizards
  2 rats
290 creatures vanquished.

Vanquished Creatures (others)
  An ufetubus (D:6)
1 creature vanquished.

Grand Total: 291 creatures vanquished

Notes
Turn   | Place    | Note
-------+----------+-------------------------------------------
     0 | D:1      | Pooter the Minotaur Berserker began the quest for the Orb.
     0 | D:1      | Reached XP level 1. HP: 19/19 MP: 0/0
    52 | D:1      | Reached skill level 4 in Axes
    93 | D:1      | Reached XP level 2. HP: 27/27 MP: 1/1
   526 | D:1      | Reached ** piety under Trog
   527 | D:1      | Reached XP level 3. HP: 24/33 MP: 2/2
  1109 | D:2      | Noticed Natasha
  1119 | D:2      | Killed Natasha
  1120 | D:2      | Reached skill level 5 in Axes
  1184 | D:2      | Reached XP level 4. HP: 41/41 MP: 3/3
  1310 | D:2      | Found a hazy altar of Hepliaklqana.
  1449 | D:2      | Noticed Terence
  1465 | D:2      | Killed Terence
  1762 | D:2      | Noticed Natasha
  1768 | D:2      | Killed Natasha
  1769 | D:2      | Reached skill level 6 in Axes
  1769 | D:2      | Reached XP level 5. HP: 26/47 MP: 4/4
  1996 | D:2      | Reached skill level 5 in Fighting
  2089 | D:2      | Found a faded altar of an unknown god.
  2149 | D:3      | Found a radiant altar of Vehumet.
  2155 | D:3      | Noticed Robin
  2169 | D:3      | Reached *** piety under Trog
  2170 | D:3      | Killed Robin
  2310 | D:3      | Found a snail-covered altar of Cheibriados.
  2702 | D:3      | Found a glowing silver altar of Zin.
  2730 | D:4      | Found an iron altar of Okawaru.
  2918 | D:4      | Reached skill level 1 in Ranged Weapons
  2969 | D:4      | Found a bloodstained altar of Trog.
  2972 | D:4      | Noticed a black bear
  2984 | D:4      | Killed a black bear
  2985 | D:4      | Reached skill level 1 in Polearms
  2985 | D:4      | Reached XP level 6. HP: 42/56 MP: 5/5
  3231 | D:4      | Reached skill level 7 in Axes
  3351 | D:4      | Found a staircase to the Ecumenical Temple.
  3387 | D:4      | Found a transporter.
  3390 | D:4      | Noticed Shard1697's ghost (amateur DsFi)
  3391 | D:4      | Found a transporter.
  3614 | D:4      | Reached skill level 1 in Evocations
  3826 | D:4      | Reached XP level 7. HP: 62/62 MP: 6/6
  4022 | D:4      | Killed Shard1697's ghost
  4115 | D:5      | Entered Level 5 of the Dungeon
  4171 | D:5      | Reached skill level 8 in Axes
  4271 | D:5      | Reached **** piety under Trog
  4304 | D:5      | Found a sparkling altar of Nemelex Xobeh.
  4313 | D:5      | Reached XP level 8. HP: 70/70 MP: 7/7
  4392 | D:5      | Noticed Eustachio
  4401 | D:5      | Killed Eustachio
  4851 | D:6      | Found an ancient bone altar of Kikubaaqudgha.
  5099 | D:6      | Reached skill level 5 in Ranged Weapons
  5371 | D:6      | Reached skill level 9 in Axes
  5382 | D:6      | You fall into a shaft and drop 2 floors!
  5540 | D:8      | Noticed Pikel
  5560 | D:8      | Killed Pikel
  5561 | D:8      | Reached XP level 9. HP: 79/79 MP: 8/8
  5655 | D:8      | Found an opulent altar of Gozag.
  5973 | D:6      | Reached skill level 5 in Polearms
  5975 | D:6      | Reached skill level 10 in Axes
  6362 | D:6      | Noticed Edmund
  6370 | D:6      | Killed Edmund
  6692 | D:7      | Reached skill level 1 in Maces & Flails
  6930 | D:7      | Found a hide-covered altar of Uskayaw.
  7416 | D:7      | Identified a scroll of acquirement
  7417 | D:7      | Acquired a +2 vorpal battleaxe
  7808 | D:9      | Noticed a two-headed ogre
  7819 | D:9      | Killed a two-headed ogre
  7820 | D:9      | Reached XP level 10. HP: 88/88 MP: 9/9
  8069 | D:9      | Found an ornate altar of the Wu Jian Council.
  8072 | D:9      | Noticed a two-headed ogre
  8077 | D:9      | Killed a two-headed ogre
  8077 | D:9      | Noticed Maurice
  8078 | D:9      | Reached skill level 11 in Axes
  8081 | D:9      | Killed Maurice
  8165 | D:9      | Found a broken altar of Ashenzari.
  8204 | D:9      | Noticed Prince Ribbit
  8216 | D:9      | Reached skill level 5 in Evocations
  8221 | D:9      | Killed Prince Ribbit
  8809 | D:9      | Found a shadowy altar of Dithmenos.
  8813 | D:9      | Found a shimmering altar of Xom.
  8828 | D:9      | Found a shimmering altar of Xom.
  8884 | D:9      | Found a staircase to the Orcish Mines.
  8891 | D:9      | Reached skill level 12 in Axes
  9132 | Orc:1    | Entered Level 1 of the Orcish Mines
  9137 | Orc:1    | Noticed an orc knight
  9187 | D:9      | Reached XP level 11. HP: 97/97 MP: 10/10
  9251 | D:9      | Killed an orc knight
  9479 | Orc:1    | Found Eproxek's Antique Weapon Shoppe.
  9495 | Orc:1    | Reached skill level 10 in Ranged Weapons
  9532 | Orc:1    | Bought an arbalest for 157 gold pieces
  9653 | Orc:2    | Entered Level 2 of the Orcish Mines
  9675 | Orc:2    | Reached ***** piety under Trog
  9721 | Orc:1    | Noticed an orc warlord
  9770 | Orc:1    | Killed an orc warlord
  9976 | Orc:2    | Noticed an orc sorcerer
  9976 | Orc:2    | Paralysed by an orc sorcerer for 3 turns
  9979 | Orc:2    | Noticed an orc warlord
  9986 | Orc:2    | Noticed an orc sorcerer
 10010 | Orc:1    | Killed an orc sorcerer
 10333 | Orc:2    | Killed an orc sorcerer
 10334 | Orc:2    | Reached skill level 13 in Axes
 12399 | Orc:2    | Noticed an orc knight
 12407 | Orc:1    | Reached skill level 10 in Fighting
 12684 | Orc:2    | Killed an orc knight
 12808 | Orc:2    | Noticed a deep troll
 12833 | Orc:1    | Mangled by an orc warlord

Illustrated notes

Levels and vault maps discovered:
D:1:      dpeg_arrival_rhombi, layout_loops_ring
D:2:      layout_rooms, hellmonk_ecumenical_altar_prayer_group, basic_altar,
          uniq_natasha, uniq_terence
D:3:      layout_rooms, lemuel_tele_altar, fiery_altar_vehumet,
          lemuel_coloured_pillars_altar, st_stairs_8, roderic_cross_of_infinity,
          uniq_robin
D:4:      layout_cave_pods, mainiacjoe_overflow_tiny_flanked,
          trog_three_pillars_becter, minmay_temple_entry_poolview,
          gammafunk_ghost_mausoleum
D:5:      layout_gridville, nemelex_xobeh_ov_fountains_minmay, uniq_eustachio
D:6:      layout_basic, mainiacjoe_overflow_paths,
          hangedman_abyss_or_decor_passed, uniq_edmund
D:7:      layout_basic, eat_drink_and_be_merry_uskayaw,
          chequers_serial_rivers_micro_b
D:8:      layout_rooms, nicolae_gozag_seed_capital, reono_crystal_passage,
          uniq_pikel
D:9:      layout_basic, amcnicky_altar_gilded, xom_shifter_show,
          mainiacjoe_overflow_catch_the_wave, erik_orc_3, uniq_maurice,
          uniq_prince_ribbit1
Orc:1:    layout_caves, serial_shops, shop, minmay_orc_temple_a
Orc:2:    st_orc_open, layout_diamond_mine

Skill      XL: |  1  2  3  4  5  6  7  8  9 10 11 |
---------------+----------------------------------+-----
Axes           | 4 5 6 7 8 9 10 12 13 | 13.6
Fighting       | 4 5 6 7 8 9 10 | 10.2
Ranged Weapons | 1 2 4 6 8 9 11 | 11.2
Polearms       | 1 3 4 5 |  5.1
Evocations     | 1 2 3 4 5 6 |  6.5
Maces & Flails | 2 |  2.4
Armour         | |  2.4
Dodging        | |  2.1

Action                   |  1- 3 |  4- 6 |  7- 9 | 10-12 || total
-------------------------+-------+-------+-------+-------++-------
Melee: Hand axe          |    53 |    53 |    20 |       ||   126
       Headbutt          |     4 |    24 |    23 |    26 ||    77
       Trident           |       |    75 |    93 |       ||   168
       Dire flail        |       |       |    24 |       ||    24
       Battleaxe         |       |       |     4 |   134 ||   138
       Punch             |       |       |     1 |       ||     1
 Fire: Sling             |       |    54 |    19 |       ||    73
       Longbow           |       |       |    36 |    27 ||    63
       Arbalest          |       |       |       |    73 ||    73
Throw: Stone             |     2 |       |     2 |     2 ||     6
Invok: Berserk           |     1 |     5 |     7 |    11 ||    24
       Trog's Hand       |       |     2 |     8 |    15 ||    25
Evoke: Wand              |       |       |     6 |     4 ||    10
  Use: Scroll            |     2 |     6 |    10 |     6 ||    24
Armor: Animal skin       |     8 |       |       |       ||     8
       Chain mail        |     6 |    96 |    96 |    48 ||   246
       Plate armour      |       |       |       |    66 ||    66
Dodge: Dodged            |    36 |    64 |    69 |    82 ||   251

Table legend: (Time is in decaauts)
 A = Elapsed time spent in this place.
 B = Non-inter-level travel time spent in this place.
 C = Inter-level travel time spent in this place.
 D = Time resting spent in this place.
 E = Time spent auto-exploring this place.
 F = Levels seen in this place.
 G = Mean time per level.
                   A        B        C        D        E       F      G
               +--------+--------+--------+--------+--------+-----+--------+
         Total |  13177 |  12935 |    242 |   5376 |   5164 |  11 | 1197.9 |
       Dungeon |   9534 |   9332 |    202 |   2632 |   4824 |   9 | 1059.3 |
  Orcish Mines |   3642 |   3602 |     40 |   2744 |    340 |   2 | 1821.0 |
               +--------+--------+--------+--------+--------+-----+--------+

Top non-repeatable levels by time:
   Orc:2: 2206 daAuts
     D:9: 1584 daAuts
     D:4: 1438 daAuts
   Orc:1: 1436 daAuts
     D:6: 1210 daAuts
     D:7: 1182 daAuts
     D:1: 1112 daAuts
     D:2: 1071 daAuts
     D:5: 671 daAuts
     D:8: 659 daAuts
     D:3: 603 daAuts
